 Dungeon Crawl Stone Soup version 0.30-a0-1103-g25895a7845 (webtiles) character file.

Game seed: 4631415122341819383

4209 kae the Transmogrifier (level 10, -2/88 (92) HPs)
             Began as a Purple Draconian Transmuter on Apr 18, 2023.
             Was an Initiate of Ru.
             Slain by an orc priest
             ... wielding a +0 flail
              (3 damage)
             ... on level 8 of the Dungeon.
             The game lasted 00:09:55 (10512 turns).

kae the Transmogrifier (DrTm)                      Turns: 10512, Time: 00:09:56

HP:   -2/88 (92)    AC:  9    Str: 12    XL:     10   Next: 8%
MP:   15/20         EV: 10    Int: 19    God:    Ru [......]
Gold: 907           SH:  0    Dex: 11    Spells: 12/22 levels left

rFire   . . .      SeeInvis .      - Unarmed
rCold   + + +      Faith    .    (shield currently unavailable)
rNeg    . . .      Spirit   .    (body armour unavailable)
rPois   +          Reflect  .    (helmet currently unavailable)
rElec   .          Rampage  .    (cloak currently unavailable)
rCorr   .                        q - melded +1 pair of gloves
Will    +....                    (boots currently unavailable)
Stlth   +                        (no amulet)
HPRegen 0.34/turn                F - ring of protection from fire
MPRegen 0.17/turn                (no ring)

@: mighty, ice-form, wereblooded, lightly drained
A: freezing attack, amphibious, boosted hp, (breathe power), AC +7, large,
unfitting armour, (cold-blooded)
a: End Transformation, Renounce Religion, Sacrifice a Hand, Sacrifice Essence,
Sacrifice Purity, Reject Sacrifices


You were on level 8 of the Dungeon.
You worshipped Ru.
Ru was noncommittal.
You were a creature of crystalline ice.
You visited 2 branches of the dungeon, and saw 9 of its levels.
You also visited: Sewer.

You collected 1033 gold pieces.
You spent 126 gold pieces at shops.


Innate Abilities, Weirdness & Mutations

You are a creature of crystalline ice.
You have a powerful freezing melee attack.
You are amphibious.
Your maximum health is increased.
Your armour is entirely melded.
You are incapable of wielding weapons or throwing items.
((You can breathe bolts of dispelling energy.))
((Your rich purple scales are hard. (AC +7)))
You cannot fit into any form of body armour.
((You are cold-blooded and may be slowed by cold attacks.))


   Skills:
 + Level 3.5 Fighting
 + Level 3.4 Dodging
 + Level 6.8 Unarmed Combat
 + Level 6.9 Spellcasting
 * Level 8.9 Transmutations
 - Level 6.0 Ice Magic
 - Level 2.5 Poison Magic


You had 12 spell levels left.
You knew the following spells:

 Your Spells              Type           Power      Damage    Failure   Level
a - Beastly Appendage     Tmut           80%        N/A       1%          1
b - Wereblood             Tmut           40%        N/A       1%          2
c - Spider Form           Tmut/Pois      28%        N/A       3%          3
d - Ice Form              Ice/Tmut       34%        N/A       4%          4

Your spell library contained the following spells:

 Spells                   Type           Power      Damage    Failure   Level
 Passwall                 Tmut/Erth      19%        N/A       2%          2
 Ozocubu's Armour         Ice            29%        N/A       2%          3
 Ensorcelled Hibernation  Hex/Ice        36%        N/A       4%          2
 Ignite Poison            Fire/Tmut/Pois 21%        N/A       6%          3
 Sandblast                Erth           12%        2d6       11%         1
 Cigotuvi's Dreadful Rot  Necr/Pois/Air  18%        N/A       11%         2
 Swiftness                Air            6%         N/A       30%         3
 Metabolic Englaciation   Hex/Ice        9%         N/A       63%         5
 Freezing Cloud           Conj/Ice/Air   7%         6-21      77%         5
 Silence                  Hex/Air        3%         N/A       96%         5
 Simulacrum               Ice/Necr       9%         N/A       99%         6

Inventory:

Missiles
 b - 59 stones
 c - 5 boomerangs
 i - 44 poisoned darts
Armour
 q - a +1 pair of gloves (melded)
   (You found it on level 4 of the Dungeon)
Magical Staves
 h - a staff of poison {!a}
   (You found it on level 1 of the Dungeon)
 v - a staff of death {!a}
   (You found it on level 8 of the Dungeon)
Jewellery
 F - a ring of protection from fire (left front paw)
   (You bought it in a shop on level 4 of the Dungeon)
Wands
 u - a wand of roots (19)
   (You found it on level 6 of the Dungeon)
 B - a wand of polymorph (3)
   (You found it on level 8 of the Dungeon)
 C - a wand of charming (4)
   (You took it off an orc on level 8 of the Dungeon)
Scrolls
 g - a scroll of immolation {!r!r}
 j - 2 scrolls of teleportation {@r4}
 k - 3 scrolls of fog
 l - a scroll of fear
 o - a scroll of brand weapon
 s - a scroll of enchant weapon
 x - 2 scrolls of enchant armour
 y - a scroll of blinking {!r}
 A - a scroll of identify {@r1}
Potions
 a - 2 potions of lignification {!q}
 d - 4 potions of degeneration {!q}
 e - 3 potions of might
 f - 3 potions of heal wounds {@q2}
 m - a potion of mutation {unknown}
 n - 6 potions of curing {@q1}
 p - a potion of attraction {!q}
 r - 2 potions of magic {unknown}
 t - 3 potions of flight {unknown}
 w - a potion of berserk rage {unknown}
 z - 2 potions of brilliance

Dungeon Overview and Level Annotations

Branches:
Dungeon (8/15) Zot: 25186  Temple (1/1) D:6 Zot: 5630   Sewer (visited)
   Lair: D:8-11

Altars:
Ashenzari
Cheibriados
Dithmenos
Elyvilon
Fedhas
Gozag
Hepliaklqana
Kikubaaqudgha
Makhleb
Nemelex Xobeh
Okawaru
Qazlal
Ru
Sif Muna
Trog
Uskayaw
Vehumet
Wu Jian
Xom
Yredelemnul
Zin
The Shining One

Shops:
D:2 =   D:3 :   D:4 *   D:5 [   D:6 *   D:8 (

Annotations:
D:8 Erica, Pikel

....#)## #.....#
....#.[# ......#
...###.###### ###@.....#
<..##.......###........#
####............#......#
...........###.)##.z...#
............###.o#.o...#
##.#........# #o{# .o.o#
....#.......####Y##.oo.#
....##.......# ##)# ...#
...####......# #)##...#
..## ##.....## ##.# ..#
##.....# #.## .##
##....## ##.# ## ##....#
##.#### #
##...###.....##
#...)))......#


You could see an orc priest and an orc.


Message History

Erica shouts!
The orc shouts! x2; The orc priest shouts!
Your magical contamination has completely faded away.
Okay, then.
Okay, then.
Things that are here:
a +4 scimitar; a +0 robe The wight attacks as you move away!
The wight hits you with a +0 war axe.
You feel drained. 😕 HP[-8] MP[+1]
You now have 90 max hp (-2).
You take 8 damage, and now have 84/90 hp. 😕 HP[+1]
The wight attacks as you move away! The wight barely misses you.
The wight attacks as you move away!
The wight hits you with a +0 war axe! 😕 HP[-10]
You take 10 damage, and now have 75/90 hp. 😕 HP[+1]
The wight attacks as you move away! The wight hits you but does no damage.
You feel very mighty all of a sudden. The wight barely misses you.
Erica looks angry. 😕 MP[+1]
You punch the wight!
You destroy the wight!
The wight hits you from afar with a +2 halberd. 😕 HP[-2]
You take 2 damage, and now have 74/90 hp.
Unknown command.
The wight closely misses you.
Things that are here:
a +0 war axe; a +0 robe You punch the wight!
The wight barely misses you.
Casting: Ice Form (dangerous; 4% risk of failure)
Confirm with . or Enter, or press ? or * to list all spells.
Your blood is infused with primal strength.
The wight hits you with a +2 halberd!
You feel drained.
The wight hits you but does no damage. 😮 HP[-17] MP[-2]
You now have 86 max hp (-4).
You take 17 damage, and now have 57/86 hp.
You lost 2 mp, and now have 13/20 mp.
You pummel the wight!! You freeze the wight.
You feel a bit better.
You destroy the wight!
Erica mumbles some strange words.
Erica flickers and vanishes!
Deactivating autopickup; reactivate with Ctrl-A. 😮 HP[+1] MP[+1]
You now have 87 max hp (+1).
You pummel the wight!! You freeze the wight.
You feel a bit better.
You destroy the wight! 😮 HP[+4]
You now have 88 max hp (+1).
You regained 4 hp, and now have 62/88 hp.
Unknown command.
The orc hits you but does no damage.
Items here: )) [[.
You pummel the orc!! You freeze the orc.
You feel a bit better.
You kill the orc!
You hear some strange, mumbled words.
Something tries to affect you, but you resist. 😮 HP[+3]
You regained 3 hp, and now have 65/88 hp.
Something hits you but does no damage.
You see here a +0 club. 😮 HP[+1] Unknown command.
You completely miss something.
You howl as the wereblood boils in your veins!
Something hits you! Something melts you. 😮 HP[-15]
You take 15 damage, and now have 51/88 hp.
You punch something! You freeze something. Something hits you.
Something melts you. 😮 HP[-5] MP[+1]
You take 5 damage, and now have 46/88 hp.
You barely miss something.
The orc priest hits you with a +0 flail.
* * * LOW HITPOINT WARNING * * *
Something hits you!
* * * LOW HITPOINT WARNING * * *
Something melts you.
* * * LOW HITPOINT WARNING * * *
😨 HP[-18]
You take 18 damage, and now have 28/88 hp.
MASSIVE DAMAGE!! (PAUSE)
You pummel something!! You freeze something!
The orc priest mumbles some strange prayers to Beogh against you.
Beogh smites you!
* * * LOW HITPOINT WARNING * * *
Something hits you!
* * * LOW HITPOINT WARNING * * *
Something melts you.
* * * LOW HITPOINT WARNING * * *
😱 HP[-27]
You take 27 damage, and now have 1/88 hp.
MASSIVE DAMAGE!! (PAUSE)
You punch the orc priest! You freeze the orc priest.
The orc priest hits you with a +0 flail.
You die...

Skill      XL: |  1  2  3  4  5  6  7  8  9 |
---------------+----------------------------+-----
Poison Magic   | 1 2 |  2.5
Ice Magic      | 1 3 4 6 |  6.0
Transmutations | 3 4 5 7 8 |  8.9
Unarmed Combat | 4 5 6 |  6.8
Spellcasting   | 3 4 5 6 |  6.9
Dodging        | 3 |  3.4
Fighting       | 3 |  3.5

Action                     |  1- 3 |  4- 6 |  7- 9 | 10-12 || total
---------------------------+-------+-------+-------+-------++-------
  Melee: Unarmed           |    79 |   112 |   376 |    31 ||   598
         Kick              |     7 |     5 |       |       ||    12
         Headbutt          |     7 |     3 |       |       ||    10
         Punch             |     2 |       |       |       ||     2
         Tailslap          |     5 |     9 |     4 |       ||    18
   Cast: Beastly Appendage |    17 |     9 |       |       ||    26
         Spider Form       |     1 |    11 |    17 |       ||    29
         Ice Form          |       |     1 |    38 |     2 ||    41
         Wereblood         |       |     1 |    14 |     2 ||    17
Ability: End Transformatio |       |       |     3 |       ||     3
    Use: Scroll            |     2 |     9 |     9 |       ||    20
         Potion            |       |       |     2 |     1 ||     3
 Armour: Skin              |    18 |    26 |   111 |    20 ||   175
  Dodge: Dodged            |    51 |    68 |   209 |     6 ||   334

Levels and vault maps discovered:
D:1:      dpeg_arrival_three_same_balls, layout_basic,
          hellmonk_ecumenical_altar_blasted
D:2:      layout_basic, serial_shops, nicolae_shop_tiny_waterfront, basic_altar,
          uniq_terence, uniq_sigmund, uniq_jessica
D:3:      layout_rooms, portal_sewer_entry_b, nicolae_eternal_life,
          minmay_misc_feat_hallway, nicolae_shop_vocational, uniq_grinder
D:4:      layout_basic, serial_shops, nicolae_shop_overgrown_old_shop,
          minivault_26
D:5:      layout_basic, gammafunk_temple_overflow_statue, serial_shops, shop,
          chequers_jeans, minmay_ruined_shrine
D:6:      kennysheep_kobold_camp, layout_loops_ring,
          minmay_temple_entry_junction, serial_shops, nicolae_shop_peninsula
D:7:      layout_basic
D:8:      layout_cave_pods, special_room [special_room_orc], serial_shops, shop,
          minivault_24, grunt_ministairs_6, supply_closet_lemuel, uniq_pikel,
          uniq_erica
Temple:   mainiacjoe_temple_cubbyholes

Notes
Turn   | Place    | Note
-------+----------+-------------------------------------------
     0 | D:1      | kae the Draconian Transmuter began the quest for the Orb.
     0 | D:1      | Reached XP level 1. HP: 16/16 MP: 3/3
     0 | D:1      | magus.rc [v1.11.3]
   260 | D:1      | Reached XP level 2. HP: 23/23 MP: 3/5
   393 | D:1      | Reached skill level 1 in Poison Magic
   435 | D:1      | Found a faded altar of an unknown god.
   580 | D:1      | Reached XP level 3. HP: 27/28 MP: 4/6
   583 | D:1      | Learned a level 2 spell: Wereblood
   587 | D:1      | Learned a level 3 spell: Spider Form
   991 | D:2      | Found Ijumaotydgh's Jewellery Boutique.
  1116 | D:2      | Noticed Jessica
  1125 | D:2      | Killed Jessica
  1126 | D:2      | Reached skill level 1 in Ice Magic
  1126 | D:2      | Reached XP level 4. HP: 35/35 MP: 3/7
  1386 | D:2      | Noticed Sigmund
  1485 | D:2      | Noticed Terence
  1537 | D:1      | Reached skill level 3 in Transmutations
  1563 | D:2      | Killed Terence
  1564 | D:2      | Reached skill level 2 in Poison Magic
  1657 | D:2      | Found a snail-covered altar of Cheibriados.
  1733 | D:2      | You pick up a book of Burglary and begin reading...
  1733 | D:2      | You add the spells Passwall, Ensorcelled Hibernation and
                  | Swiftness to your library.
  2131 | D:2      | Killed Sigmund
  2132 | D:2      | Reached skill level 4 in Unarmed Combat
  2132 | D:2      | Reached XP level 5. HP: 24/40 MP: 3/9
  2233 | D:3      | Reached XP level 6. HP: 46/47 MP: 6/10
  2240 | D:3      | Learned a level 4 spell: Ice Form
  2331 | D:3      | Found a glowing drain.
  2344 | D:3      | Reached skill level 2 in Ice Magic
  2370 | Sewer    | Entered a sewer
  2480 | Sewer    | Reached skill level 4 in Transmutations
  3058 | D:3      | Noticed Grinder
  3067 | D:3      | Killed Grinder
  3068 | D:3      | Reached skill level 3 in Spellcasting
  3068 | D:3      | Reached skill level 3 in Ice Magic
  3068 | D:3      | Your scales start taking on a rich purple colour.
  3068 | D:3      | Reached XP level 7. HP: 37/52 MP: 8/12
  3073 | D:3      | Found Cadein's Vocational Training.
  3193 | D:4      | HP: 7/52 [scorpion (7)]
  3196 | D:4      | Reached skill level 4 in Spellcasting
  3198 | D:4      | HP: 13/52 [poisoned by a scorpion]
  3203 | D:4      | HP: 10/52 [poisoned by a scorpion]
  4045 | D:4      | Reached skill level 5 in Transmutations
  4116 | D:4      | Found Buyczah's Assorted Antiques.
  4135 | D:4      | Bought a scroll labelled DUDE EPNUTAZE for 18 gold pieces
  4135 | D:4      | Bought a scroll labelled EMUODE NOITHRU for 18 gold pieces
  4135 | D:4      | Bought a coral ring for 90 gold pieces
  4520 | D:5      | Entered Level 5 of the Dungeon
  4607 | D:5      | You add the spells Cigotuvi's Dreadful Rot, Ignite Poison
                  | and Freezing Cloud to your library.
  4682 | D:5      | Reached skill level 4 in Ice Magic
  4778 | D:5      | Found Wuarharor's Armour Shop.
  5000 | D:5      | Identified the +1 helmet of the Catamount {rElec rN+}
  5070 | D:5      | Reached skill level 5 in Unarmed Combat
  5070 | D:5      | Reached XP level 8. HP: 59/59 MP: 9/14
  5079 | D:5      | Found a hide-covered altar of Uskayaw.
  5117 | D:5      | Reached skill level 6 in Transmutations
  5118 | D:5      | Reached skill level 5 in Ice Magic
  5294 | D:5      | Noticed a two-headed ogre
  5295 | D:5      | Identified a scroll of acquirement
  5295 | D:5      | Acquired 493 gold pieces
  5307 | D:5      | Killed a two-headed ogre
  5308 | D:5      | Reached skill level 5 in Spellcasting
  5727 | D:5      | Found an iron altar of Okawaru.
  5729 | D:5      | Found a white marble altar of Elyvilon.
  5798 | D:5      | Reached skill level 7 in Transmutations
  5798 | D:5      | Reached skill level 6 in Ice Magic
  6166 | D:6      | Reached XP level 9. HP: 64/64 MP: 14/17
  6272 | D:6      | You pick up a book of Winter and begin reading...
  6272 | D:6      | You add the spells Ozocubu's Armour, Metabolic Englaciation
                  | and Simulacrum to your library.
  6281 | D:6      | Found a staircase to the Ecumenical Temple.
  6295 | Temple   | Entered the Ecumenical Temple
  6646 | Temple   | Became a worshipper of Ru the Awakened
  6714 | D:6      | Found Riboewatz's Assorted Antiques.
  7200 | D:6      | Reached skill level 6 in Unarmed Combat
  7266 | D:6      | Reached skill level 2 in Dodging
  7605 | D:7      | Reached skill level 6 in Spellcasting
  7719 | D:7      | Got Rufugron's Guide on Firn
  7731 | D:7      | You add the spells Sandblast and Silence to your library.
  7731 | D:7      | Got Sif Muna's Compilation of Metal and Exhalation
  7941 | D:7      | Reached skill level 2 in Fighting
  8380 | D:7      | Reached skill level 8 in Transmutations
  9122 | D:8      | Found Seda's Antique Weapon Emporium.
  9123 | D:8      | Noticed Pikel
  9377 | D:7      | Reached skill level 3 in Fighting
  9377 | D:7      | Reached skill level 3 in Dodging
 10209 | D:8      | Reached XP level 10. HP: 64/75 MP: 13/20
 10488 | D:8      | Noticed Erica
 10511 | D:8      | HP: 15/88 [orc priest/divine providence (14)]
 10511 | D:8      | HP: 6/88 [something (9)]
 10511 | D:8      | HP: 1/88 [something (5)]
 10512 | D:8      | Slain by an orc priest

Vanquished Creatures
  A two-headed ogre (D:5)
  Grinder (D:3)
  Sigmund (D:2)
  A steam dragon (D:8)
  4 water moccasins
  A sky beast (D:8)
  A black bear (D:4)
  3 orc warriors
  3 ice beasts
  An ogre (D:5)
  A centaur (D:8)
  2 phantoms
  2 lemures (D:8)
  A kobold brigand (D:6)
  3 bullfrogs
  2 scorpions (D:4)
  8 wights
  3 hounds
  5 orc priests
  A sleepcap (D:5)
  5 iguanas
  Jessica (D:2)
  6 orc wizards
  Terence (D:2)
  A hell rat (Sewer)
  7 adders
  2 river rats
  A shadow imp (D:5)
  2 white imps
  3 worms
  2 dart slugs
  49 orcs
  9 ball pythons
  5 endoplasms
  8 giant cockroaches
  6 goblins
  7 hobgoblins
  12 jackals
  4 quokkas
  7 bats
  3 frilled lizards
  29 kobolds
  13 rats
228 creatures vanquished.

Vanquished Creatures (others)
  15 plants
15 creatures vanquished.

Grand Total: 243 creatures vanquished

Table legend:
 A = Non-vault XP
 B = Vault XP
 C = Vault XP percentage of total XP
 D = Non-vault monster count
 E = Vault monster count
 F = Vault count percentage of total count
                 A         B        C        D         E       F
            +---------+---------+-------+---------+---------+-------
      Total |    4386 |    1627 |  27.1 |     155 |      71 |  31.4
            +---------+---------+-------+---------+---------+-------
        D:1 |      47 |       0 |   0.0 |      29 |       0 |   0.0
        D:2 |      40 |     283 |  87.6 |      16 |       3 |  15.8
        D:3 |      66 |     286 |  81.2 |      23 |      11 |  32.4
        D:4 |     358 |       0 |   0.0 |      17 |       0 |   0.0
        D:5 |    1084 |     520 |  32.4 |      10 |       9 |  47.4
        D:6 |     548 |     124 |  18.5 |      16 |      21 |  56.8
        D:7 |     854 |       0 |   0.0 |      18 |       0 |   0.0
        D:8 |    1389 |     366 |  20.9 |      26 |      22 |  45.8
      Sewer |       0 |      48 | 100.0 |       0 |       5 | 100.0
            +---------+---------+-------+---------+---------+-------

Illustrated notes

Table legend:
 A = Kills in this place as a percentage of kills in the entire game.
 B = Kills by you in this place as a percentage of kills by you in the entire game.
 C = Kills by friends in this place as a percentage of kills by friends in the entire game.
 D = Other kills in this place as a percentage of other kills in the entire game.
 E = Experience gained in this place as a percentage of experience gained in the entire game.
 F = Experience gained in this place divided by the number of levels of this place that you have seen.
                   A       B       C       D       E      F
               +-------+-------+-------+-------+-------+----------------------
         Total | 100.0 | 100.0 |   N/A |   N/A | 100.0 | 601.3
       Dungeon |  97.8 |  97.8 |   N/A |   N/A |  99.2 | 745.6
         Sewer |   2.2 |   2.2 |   N/A |   N/A |   0.8 |  48.0
               +-------+-------+-------+-------+-------+----------------------

Table legend: (Time is in decaauts)
 A = Elapsed time spent in this place.
 B = Non-inter-level travel time spent in this place.
 C = Inter-level travel time spent in this place.
 D = Time resting spent in this place.
 E = Time spent auto-exploring this place.
 F = Levels seen in this place.
 G = Mean time per level.
                   A        B        C        D        E       F      G
               +--------+--------+--------+--------+--------+-----+--------+
         Total |  10474 |  10117 |    357 |    404 |   8062 |  10 | 1047.4 |
       Dungeon |   9851 |   9560 |    291 |    401 |   7565 |   8 | 1231.4 |
        Temple |    369 |    303 |     66 |      0 |    297 |   1 |  369.0 |
         Sewer |    253 |    253 |      0 |      3 |    199 |   1 |  253.0 |
               +--------+--------+--------+--------+--------+-----+--------+

Top non-repeatable levels by time:
     D:8: 1594 daAuts
     D:5: 1555 daAuts
     D:4: 1330 daAuts
     D:2: 1286 daAuts
     D:7: 1277 daAuts
     D:6: 1159 daAuts
     D:1: 926 daAuts
     D:3: 721 daAuts
  Temple: 369 daAuts
   Sewer: 253 daAuts
